 Dungeon Crawl Stone Soup version 0.30.0-29-ga12c61a403 (webtiles) character file.

Game seed: 2026437942900282646

2115 Elmgren the Skirmisher (level 9, 0/41 HPs)
             Began as a Spriggan Hunter on June 22, 2023.
             Slain by a water moccasin (5 damage)
             ... on level 6 of the Dungeon.
             The game lasted 00:11:01 (6984 turns).

Elmgren the Skirmisher (Spriggan Hunter)            Turns: 6984, Time: 00:11:01

Health: 0/41       AC:  4    Str:  7    XL:     9   Next: 8%
Magic:  10/10      EV: 19    Int: 10    God:
Gold:   380        SH:  0    Dex: 29    Spells: 8/8 levels left

rFire   + . .        a - +0 shortbow
rCold   + . .        (shield currently unavailable)
rNeg    . . .        u - +2 robe {rC+ rF+}
rPois   +            (helmet restricted)
rElec   .            (no cloak)
rCorr   .            (gloves unavailable)
SInv    +            (boots unavailable)
Will    +....        y - amulet of the acrobat
Stlth   +++          i - ring of poison resistance
HPRegen 0.26/turn    h - +6 ring of dexterity
MPRegen 0.12/turn

%: acrobat
@: very quick
A: very small, no large weapons, unfitting armour, see invisible, speed 3
a: no special abilities


You were on level 6 of the Dungeon.
You visited 1 branch of the dungeon, and saw 7 of its levels.

You collected 380 gold pieces.

Inventory:

Hand Weapons
 a - a +0 shortbow (weapon)
Armour
 u - a +2 robe of resistance (worn)
Jewellery
 h - a +6 ring of dexterity (right hand)
 i - a ring of poison resistance (left hand)
 k - a ring of poison resistance
 n - a +6 ring of intelligence
 p - a ring of positive energy
 v - an amulet of guardian spirit
 y - an amulet of the acrobat (around neck)
Wands
 q - a wand of iceblast (14)
 z - a wand of mindburst (13)
Scrolls
 b - 2 scrolls of immolation
 c - 3 scrolls of teleportation
 d - 4 scrolls of identify
 l - 3 scrolls of enchant weapon
 t - 2 scrolls of magic mapping
 w - a scroll of enchant armour
 x - a scroll of fear
 A - a scroll of vulnerability
 B - a scroll of summoning
Potions
 e - a potion of invisibility
 f - a potion of haste {unknown}
 g - a potion of berserk rage {unknown}
 j - 5 potions of curing
 m - 3 potions of attraction {unknown}
 o - 2 potions of degeneration {unknown}
 r - a potion of might {unknown}
 s - 2 potions of mutation {unknown}
 C - a potion of brilliance {unknown}


   Skills:
 - Level 1.5 Fighting
 + Level 12.5 Ranged Weapons
 - Level 2.6 Dodging
 - Level 1.5 Stealth


You had 8 spell levels left.
You didn't know any spells.
Your spell library contained the following spells:

 Spells                   Type           Power      Damage    Failure   Level
 Poisonous Vapours        Pois/Air       0%         N/A       50%         2
 Call Canine Familiar     Summ           0%         N/A       75%         3
 Dazzling Flash           Conj/Hex       0%         N/A       75%         3
 Mephitic Cloud           Conj/Pois/Air  0%         N/A       75%         3
 Portal Projectile        Hex/Tloc       0%         N/A       75%         3
 Volatile Blastmotes      Fire/Tloc      0%         2d10      75%         3
 Iskenderun's Mystic Bla  Conj/Tloc      0%         2d3       98%         4
 Leda's Liquefaction      Hex/Erth       0%         N/A       98%         4
 Freezing Cloud           Conj/Ice/Air   0%         6-21      100%        5
 Starburst                Conj/Fire      0%         6d3       100%        6


Dungeon Overview and Level Annotations

Branches:
Dungeon (7/15) Zot: 26797
 Temple: D:4-7

Altars:
Kikubaaqudgha
Qazlal
Wu Jian
Xom


Innate Abilities, Weirdness & Mutations

You are very small and have problems with some larger weapons.
You are too small for most types of armour.
You have supernaturally acute eyesight. (SInv)
You cover ground extremely quickly. (Speed+++)


Message History

The water moccasin completely misses you.
The killer bee closely misses you.
You shoot an arrow. The arrow hits the water moccasin.
The killer bee barely misses you. The water moccasin bites you.
You take 6 damage, and have 23/41 hp.
You shoot an arrow.
The arrow hits the water moccasin but does no damage.
The killer bee closely misses you.
The water moccasin completely misses you.
The killer bee misses you.
You shoot an arrow.
The arrow barely misses the water moccasin.
The killer bee stings you. The water moccasin closely misses you.
The killer bee stings you!
* * * LOW HITPOINT WARNING * * *
The water moccasin misses you.
You take 7 damage, and have 16/41 hp.
You shoot an arrow.
The arrow closely misses the water moccasin.
The killer bee completely misses you. The water moccasin closely misses you.
The killer bee barely misses you.
You shoot an arrow.
The arrow hits the water moccasin but does no damage.
The killer bee barely misses you. The water moccasin closely misses you.
You shoot an arrow. The arrow hits the water moccasin!
The killer bee misses you. The water moccasin closely misses you.
The killer bee stings you.
* * * LOW HITPOINT WARNING * * *
You take 5 damage, and have 11/41 hp.
You shoot an arrow.
The arrow hits the water moccasin but does no damage.
The killer bee misses you. The water moccasin misses you.
The bullfrog swells and bulges.
The killer bee misses you. The water moccasin bites you!
* * * LOW HITPOINT WARNING * * *
You take 6 damage, and have 5/41 hp.
You shoot an arrow.
The arrow barely misses the water moccasin.
The killer bee misses you. The water moccasin bites you.
You die...

#.#...#.##......
#...###.##...... ####
#..## #.##..###. ...#
#..# #.#...###. ...#
#..# #.#....... ####
#..####.#.#.####
#.......#.#.####
######.######.#.....
#Fy@S.....<...######
#.####.######.# #.#
#.# #.# #.####.# #.#
######### #..)...#
#.#
........######..#####
#.# #######^........#
#.# ##########.# #.#
######.......##.# #.#


You could see a water moccasin, a bullfrog and a killer bee.

Vanquished Creatures
  The ghost of keni the Cudgeller, an amateur MeFi of Qazlal (D:4)
  A sky beast (D:4)
  2 black bears (D:5)
  An ice beast (D:6)
  An ogre (D:5)
  2 phantoms
  Blork the orc (D:4)
  A bullfrog (D:6)
  4 scorpions
  3 killer bees (D:6)
  3 howler monkeys
  3 jellies
  An orc priest (D:4)
  A gnoll bouda (D:4)
  2 hounds
  A sleepcap (D:5)
  3 iguanas
  2 orc wizards
  12 gnolls
  6 adders
  A river rat (D:4)
  2 ufetubi
  4 worms
  3 dart slugs
  19 orcs
  8 endoplasms
  4 giant cockroaches
  5 hobgoblins
  3 jackals (D:1)
  11 kobolds
  5 quokkas
  5 ball pythons
  5 bats
  2 frilled lizards
  10 goblins
  9 rats
147 creatures vanquished.

Notes
Turn   | Place    | Note
-------+----------+-------------------------------------------
     0 | D:1      | Elmgren the Spriggan Hunter began the quest for the Orb.
     0 | D:1      | Reached XP level 1. HP: 10/10 MP: 2/2
   128 | D:1      | Reached XP level 2. HP: 14/14 MP: 3/3
   399 | D:1      | Reached skill level 5 in Ranged Weapons
   455 | D:1      | Reached XP level 3. HP: 18/18 MP: 4/4
  1047 | D:2      | Reached XP level 4. HP: 9/22 MP: 5/5
  1663 | D:3      | Reached skill level 6 in Ranged Weapons
  1877 | D:3      | Reached XP level 5. HP: 24/25 MP: 6/6
  2077 | D:3      | Found a shimmering altar of Xom.
  2077 | D:3      | Found an ancient bone altar of Kikubaaqudgha.
  2077 | D:3      | Found a stormy altar of Qazlal.
  2682 | D:4      | Reached skill level 7 in Ranged Weapons
  2687 | D:4      | Noticed Blork the orc
  2830 | D:4      | Killed Blork the orc
  2831 | D:4      | Reached XP level 6. HP: 13/30 MP: 7/7
  3018 | D:4      | Reached skill level 8 in Ranged Weapons
  3345 | D:4      | Reached XP level 7. HP: 24/33 MP: 8/8
  3399 | D:4      | Found a large runed translucent door.
  3400 | D:4      | Found a large runed translucent door.
  3400 | D:4      | Noticed keni's ghost (amateur MeFi)
  3526 | D:4      | Reached skill level 9 in Ranged Weapons
  4344 | D:4      | Killed keni's ghost
  4345 | D:4      | Reached skill level 10 in Ranged Weapons
  4710 | D:5      | Entered Level 5 of the Dungeon
  4771 | D:5      | Reached XP level 8. HP: 25/37 MP: 9/9
  4933 | D:5      | Reached skill level 11 in Ranged Weapons
  6401 | D:6      | Reached skill level 12 in Ranged Weapons
  6749 | D:7      | Reached XP level 9. HP: 41/41 MP: 10/10
  6784 | D:7      | Found an ornate altar of the Wu Jian Council.
  6984 | D:6      | Slain by a water moccasin

Illustrated notes

Levels and vault maps discovered:
D:1:      lightli_arrival_boilingwater, layout_loops_ring
D:2:      layout_loops_ring, serial_park_tiny_pond, chequers_jeans,
          glass_columns_a
D:3:      layout_loops_corners, gammafunk_temple_overflow_forgotten,
          minmay_liquid_box, fountainhead, hangedman_decor_lopped
D:4:      layout_basic, gup_sewer_entry_bowl, ebering_ghost_disaster_area,
          grunt_ministairs_6, uniq_blork_the_orc
D:5:      layout_loops_ring
D:6:      layout_loops_ring
D:7:      layout_cave_pools, lemuel_crystal_altar,
          pdpol_wu_jian_five_deadly_venoms, mainiacjoe_overflow_surrounded_room,
          minmay_temple_entry_gardened_gates

Skill      XL: |  1  2  3  4  5  6  7  8 |
---------------+-------------------------+-----
Ranged Weapons | 5 6 7 8 10 12 | 12.5
Fighting       | |  1.5
Dodging        | |  2.6
Stealth        | |  1.5

Action                     |  1- 3 |  4- 6 |  7- 9 || total
---------------------------+-------+-------+-------++-------
   Fire: Shortbow          |   109 |   234 |   246 ||   589
    Use: Scroll            |       |     7 |     5 ||    12
         Potion            |       |       |     1 ||     1
 Armour: Robe              |     2 |     6 |    16 ||    24
  Dodge: Dodged            |    18 |    34 |   129 ||   181
